 Dungeon Crawl Stone Soup version 0.30-a0-964-gd452b5e7fa (webtiles) character file.

Game seed: 2742819786165071221

326 vishdafish the Conjurer (level 6, 41/41 HPs)
             Began as a Demonspawn Conjurer on Mar 30, 2023.
             Quit the game on level 5 of the Dungeon.
             The game lasted 00:04:45 (3990 turns).

vishdafish the Conjurer (Demonspawn Conjurer)       Turns: 3990, Time: 00:04:46

Health: 41/41      AC:  2    Str:  8    XL:     6   Next: 24%
Magic:  12/12      EV: 12    Int: 21    God:
Gold:   87         SH:  0    Dex: 11    Spells: 5/14 levels left

rFire   . . .      SeeInvis .    k - +1 dagger (venom)
rCold   . . .      Faith    .    (no shield)
rNeg    . . .      Spirit   .    a - +0 robe
rPois   .          Reflect  .    (no helmet)
rElec   .          Rampage  .    (no cloak)
rCorr   .                        (no gloves)
Will    .....                    (no boots)
Stlth   ++                       (no amulet)
HPRegen 0.26/turn                (no ring)
MPRegen 0.26/turn                (no ring)

@: no status effects
A: powered by pain 1, magic regeneration, demonic touch 1
a: no special abilities


You were on level 5 of the Dungeon.
You visited 1 branch of the dungeon, and saw 5 of its levels.

You collected 111 gold pieces.
You spent 24 gold pieces at shops.

Inventory:

Hand Weapons
 k - a +1 dagger of venom (weapon)
Missiles
 r - a throwing net
Armour
 a - a +0 robe (worn)
Jewellery
 s - a ring of magical power
Scrolls
 e - 5 scrolls of identify
 g - a scroll of summoning {unknown}
 h - a scroll of blinking {unknown}
 i - 2 scrolls of torment {unknown}
 j - a scroll of enchant weapon {unknown}
 m - a scroll of teleportation {unknown}
 n - a scroll of fear {unknown}
 o - 2 scrolls of poison {unknown}
Potions
 b - a potion of magic
 c - 2 potions of heal wounds {unknown}
 d - a potion of ambrosia {unknown}
 f - a potion of brilliance {unknown}
 l - a potion of resistance {unknown}
 p - a potion of curing {unknown}
 q - a potion of might {unknown}
 t - 2 potions of haste


   Skills:
 - Level 1.7 Dodging
 - Level 1.7 Stealth
 + Level 4.5 Spellcasting
 + Level 6.0 Conjurations


You had 5 spell levels left.
You knew the following spells:

 Your Spells              Type           Power      Damage    Failure   Level
a - Magic Dart            Conj           100%       1d8       1%          1
b - Fulminant Prism       Conj/Hex       8%         3d6       32%         4
c - Iskenderun's Mystic   Conj/Tloc      17%        2d5       32%         4

Your spell library contained the following spells:

 Spells                   Type           Power      Damage    Failure   Level
 Searing Ray              Conj           60%        2d6       1%          2
 Momentum Strike          Conj/Tloc      34%        3d8       4%          2
 Dazzling Flash           Conj/Hex       34%        N/A       10%         3
 Blink                    Tloc           8%         N/A       17%         2
 Lesser Beckoning         Tloc           8%         N/A       17%         2
 Sublimation of Blood     Necr           4%         N/A       17%         2
 Wereblood                Tmut           4%         N/A       17%         2
 Ignite Poison            Fire/Tmut/Pois 4%         N/A       34%         3
 Kindle Blastsparks       Fire/Tloc/Air  8%         2d10      34%         3
 Anguish                  Hex/Necr       2%         N/A       75%         4
 Freezing Cloud           Conj/Ice/Air   6%         6-21      80%         5
 Enfeeble                 Hex            2%         N/A       100%        7
 Summon Hydra             Summ           2%         N/A       100%        7


Dungeon Overview and Level Annotations

Branches:
Dungeon (5/15)
 Temple: D:4-7

Altars:
Fedhas
Gozag
Kikubaaqudgha
Yredelemnul

Shops:
D:1 [(   D:2 *

Annotations:
D:4 Grinder


Innate Abilities, Weirdness & Mutations

You sometimes gain a little power by taking damage.
You regenerate magic rapidly.
Your touch may inflict minor irresistible damage on your foes.


Message History

A scorpion is nearby!
The magic dart hits the scorpion.
The scorpion is lightly wounded.
The magic dart hits the scorpion but does no damage.
The scorpion is lightly wounded.
The magic dart hits the scorpion.
The scorpion is moderately wounded.
The magic dart hits the scorpion.
The scorpion is heavily wounded.
The magic dart hits the scorpion.
The scorpion is severely wounded.
The magic dart hits the scorpion!
You kill the scorpion!
Your Conjurations skill increases to level 6!
You have reached level 6!
Your demonic ancestry asserts itself...
You feel energised by your suffering.
Found a scimitar.
Found a stone staircase leading down.
A white imp comes into view.
A white imp is nearby!
The magic dart hits the white imp but does no damage.
The white imp shouts!
The magic dart hits the white imp but does no damage.
The magic dart hits the white imp.
The white imp is severely wounded.
The magic dart hits the white imp.
The white imp is almost dead.
The white imp misses you.
The magic dart hits the white imp.
You kill the white imp!
You can't see any susceptible monsters within range! (Use Z to cast anyway.)
Found a stone staircase leading up.
i - 2 scrolls labelled QIWKIA ZIDOLA (gained 1)
s - a ring of magical power
There is a stone staircase leading down here.
t - 2 potions of haste A hound comes into view.
Found an escape hatch in the ceiling.
The hound barks!
Are you sure you want to abandon this character and quit the game? (Confirm with "yes".)

.# <.. #.# .?# ... #h#
#.## #.# ...### ##.#
#.#..## ..# #.#...## #.#
..#.... ..######@#
..#.#.# #........#
..#.#.##########.#
#......#########.#######
#....)..................
####...#####.###.#######
####.....###.###.#
........>........#
#####........###.#


You could see a hound.

Vanquished Creatures
  A phantom (D:5)
  A scorpion (D:5)
  An orc priest (D:5)
  Natasha (D:2)
  3 adders
  A white imp (D:5)
  2 worms
  3 dart slugs
  15 orcs
  11 endoplasms
  2 giant cockroaches
  4 goblins
  5 hobgoblins
  2 jackals (D:2)
  6 kobolds
  2 quokkas
  9 ball pythons
  3 bats
  2 frilled lizards
  3 rats
77 creatures vanquished.

Vanquished Creatures (others)
  16 plants (D:3)
16 creatures vanquished.

Grand Total: 93 creatures vanquished

Notes
Turn   | Place    | Note
-------+----------+-------------------------------------------
     0 | D:1      | vishdafish the Demonspawn Conjurer began the quest for the
                  | Orb.
     0 | D:1      | Reached XP level 1. HP: 13/13 MP: 3/3
   177 | D:1      | Gained mutation: Your touch may inflict minor irresistible
                  | damage on your foes. [demonic ancestry]
   177 | D:1      | Reached XP level 2. HP: 19/19 MP: 1/5
   852 | D:1      | Found Kucygeics's Weapon Shoppe.
   917 | D:1      | Found Ycsyteu's Antique Armour Emporium.
  1072 | D:1      | Reached XP level 3. HP: 24/24 MP: 4/7
  1596 | D:2      | Found Ostu Poe's General Store.
  1604 | D:2      | Bought a scroll of identify for 24 gold pieces
  1943 | D:2      | Noticed Natasha
  1949 | D:2      | Killed Natasha
  1950 | D:2      | Gained mutation: You regenerate magic rapidly. [demonic
                  | ancestry]
  1950 | D:2      | Reached XP level 4. HP: 19/30 MP: 2/8
  2111 | D:2      | Reached skill level 5 in Conjurations
  2140 | D:2      | Learned a level 4 spell: Fulminant Prism
  2145 | D:2      | Learned a level 4 spell: Iskenderun's Mystic Blast
  2818 | D:3      | Found an ancient bone altar of Kikubaaqudgha.
  2828 | D:3      | Found a basalt altar of Yredelemnul.
  2828 | D:3      | Found an opulent altar of Gozag.
  2829 | D:3      | Found a blossoming altar of Fedhas.
  3039 | D:3      | Reached XP level 5. HP: 35/35 MP: 5/10
  3700 | D:4      | Noticed Grinder
  3713 | D:5      | Entered Level 5 of the Dungeon
  3839 | D:5      | Noticed a phantom
  3847 | D:5      | Killed a phantom
  3903 | D:5      | Reached skill level 6 in Conjurations
  3903 | D:5      | Gained mutation: You sometimes gain a little power by
                  | taking damage. [demonic ancestry]
  3903 | D:5      | Reached XP level 6. HP: 41/41 MP: 6/12
  3990 | D:5      | Quit the game

Illustrated notes

Levels and vault maps discovered:
D:1:      sevenhm_arrival_forest_fort_small_5, layout_basic, serial_shops,
          nicolae_shop_hallway_plus, shop
D:2:      layout_basic, serial_shops, shop, amcnicky_mini_pool_small,
          uniq_natasha
D:3:      layout_basic, chequers_temple_overflow_statue_of_worship,
          serial_bayou, serial_bayou_crossing, serial_bayou_pond_c,
          serial_bayou_shore_b, serial_bayou_ford_a, minmay_shallow_snake_nest
D:4:      layout_basic, mainiacjoe_overflow_boulevard, lightli_temple_of_fire,
          fiery_altar_vehumet, uniq_grinder, uniq_edmund
D:5:      layout_basic, zin_scriptorium, water_maze_lemuel,
          uniq_crazy_yiuf_cottage

Skill      XL: |  1  2  3  4  5 |
---------------+----------------+-----
Spellcasting   | 3 4 |  4.5
Conjurations   | 5 6 |  6.0
Dodging        | |  1.7
Stealth        | |  1.7

Action                     |  1- 3 |  4- 6 || total
---------------------------+-------+-------++-------
  Melee: Unarmed           |    16 |       ||    16
         Punch             |     1 |     1 ||     2
         Touch             |     2 |     6 ||     8
         Dagger            |       |    21 ||    21
  Throw: Dart              |       |     2 ||     2
   Cast: Magic Dart        |    83 |    90 ||   173
         Iskenderun's Myst |       |     1 ||     1
 Armour: Robe              |     2 |     2 ||     4
  Dodge: Dodged            |     7 |    26 ||    33

Table legend: (Time is in decaauts)
 A = Elapsed time spent in this place.
 B = Non-inter-level travel time spent in this place.
 C = Inter-level travel time spent in this place.
 D = Time resting spent in this place.
 E = Time spent auto-exploring this place.
 F = Levels seen in this place.
 G = Mean time per level.
                   A        B        C        D        E       F      G
               +--------+--------+--------+--------+--------+-----+--------+
         Total |   4013 |   3860 |    153 |      0 |   3408 |   5 |  802.6 |
       Dungeon |   4013 |   3860 |    153 |      0 |   3408 |   5 |  802.6 |
               +--------+--------+--------+--------+--------+-----+--------+

Top non-repeatable levels by time:
     D:3: 1429 daAuts
     D:1: 1197 daAuts
     D:2: 1005 daAuts
     D:5: 276 daAuts
     D:4: 104 daAuts
